 Dungeon Crawl Stone Soup version 0.31-a0-836-g3ceb0a68c4 (webtiles) character file.

Game seed: 14132848201813293685

1815 mcwallace the Stinger (level 8, -6/68 HPs)
             Began as a Pale Draconian Venom Mage on Sept 26, 2023.
             Was a Follower of Vehumet.
             Mangled by an orc warrior
             ... wielding a +0 halberd
              (8 damage)
             ... in a bailey.
             The game lasted 00:16:59 (5543 turns).

mcwallace the Stinger (Pale Draconian Venom Mage)   Turns: 5543, Time: 00:17:00

Health: -6/68      AC: 12    Str: 11    XL:     8   Next: 85%
Magic:  15/15      EV: 13    Int: 18    God:    Vehumet [*.....]
Gold:   372        SH:  0    Dex: 11    Spells: 14/17 levels left

rFire   . . .        A - +7 dagger "Huqitezide" {drain, rN+, short}
rCold   . . .        (no shield)
rNeg    + . .        (body armour unavailable)
rPois   .            (helmet restricted)
rElec   .            k - +1 cloak
rCorr   .            M - +2 pair of gloves
SInv    +            B - +0 pair of boots
Will    .....        (no amulet)
Stlth   ++           o - ring of see invisible
HPRegen 0.31/turn    (no ring)
MPRegen 0.14/turn

%: no passive effects
@: short of breath
A: breathe steam, AC +6, unfitting armour, cold-blooded, steam resistance
a: Breathe Steam, Renounce Religion


You were in a bailey.
You worshipped Vehumet.
Vehumet was aware of your devotion.
You visited 2 branches of the dungeon, and saw 8 of its levels.
You also visited: Bailey.

You collected 372 gold pieces.


Innate Abilities, Weirdness & Mutations

You can breathe blasts of scalding, opaque steam.
Your pale cyan-grey scales are hard. (AC +6)
You cannot fit into any form of body armour.
You are cold-blooded and may be slowed by cold attacks.
You are immune to the effects of steam.


   Skills:
 + Level 5.3 Fighting
 + Level 4.9 Dodging
 - Level 1.7 Stealth
 + Level 5.0 Spellcasting
 + Level 5.1 Transmutations
 + Level 5.9 Poison Magic


You had 14 spell levels left.
You knew the following spells:

 Your Spells              Type           Power      Damage    Failure   Level
a - Sting                 Tmut/Pois      96%        1d7       1%          1
b - Poisonous Vapours     Pois/Air       30%        N/A       6%          2

Your spell library contained the following spells:

 Spells                   Type           Power      Damage    Failure   Level
 Kiss of Death            Conj/Necr      16%        2d6       13%         1
 Passwall                 Tmut/Erth      10%        N/A       7%          2
 Olgreb's Toxic Radiance  Pois           25%        N/A       12%         4
 Foxfire                  Conj/Fire      16%        2x1d4     13%         1
 Necrotise                Necr           16%        1d4       13%         1
 Sandblast                Erth           8%         2d5       13%         1
 Shock                    Conj/Air       16%        1d4       13%         1
 Mephitic Cloud           Conj/Pois/Air  11%        N/A       19%         3
 Scorch                   Fire           8%         2d5       21%         2
 Stone Arrow              Conj/Erth      8%         3d7       36%         3
 Tukima's Dance           Hex            4%         N/A       36%         3
 Brom's Barrelling Bould  Conj/Erth      4%         2d3       78%         4
 Dimensional Bullseye     Hex/Tloc       2%         N/A       78%         4
 Flame Wave               Conj/Fire      4%         2d5       78%         4
 Iskenderun's Mystic Bla  Conj/Tloc      4%         2d3       78%         4
 Summon Cactus Giant      Summ           2%         N/A       100%        6

Inventory:

Hand Weapons
 b - a +0 club {mace}
   (You took it off a goblin on level 1 of the Dungeon)
 d - a +2 dagger of speed {short}
   (You found it on level 1 of the Dungeon)
 A - the +7 dagger "Huqitezide" (weapon) {drain, rN+, short}
   (You found it on level 5 of the Dungeon)

   rN+:       It protects you from negative energy.
Missiles
 e - 65 stones {throwing}
 f - 10 poisoned darts {throwing}
 h - 7 boomerangs {throwing}
Armour
 k - a +1 cloak (worn)
   (You found it on level 1 of the Dungeon)
 m - an orb of wrath
   (You found it on level 1 of the Dungeon)
 B - a +0 pair of boots (worn)
   (You found it on level 4 of the Dungeon)
 E - a +0 pair of gloves of strength
   (You found it on level 4 of the Dungeon)
 M - a +2 pair of gloves (worn)
   (You found it on level 6 of the Dungeon)
Magical Staves
 G - a staff of death {!astaff}
   (You found it on level 5 of the Dungeon)
Jewellery
 o - a ring of see invisible (left hand)
   (You found it on level 1 of the Dungeon)
 D - an amulet of faith {!P}
   (You found it on level 3 of the Dungeon)
Wands
 s - a wand of mindburst (26)
   (You found it on level 2 of the Dungeon)
 I - a wand of flame (9)
   (You found it on level 5 of the Dungeon)
Scrolls
 g - a scroll of silence {unknown}
 j - a scroll of fear
 l - 2 scrolls of poison {!r}
 p - a scroll of blinking {unknown}
 q - 2 scrolls of enchant armour
 u - 2 scrolls of noise {!r}
 v - a scroll of teleportation {unknown}
 w - 2 scrolls of torment {unknown}
 y - a scroll of enchant weapon {unknown}
 z - a scroll of revelation {unknown}
 L - a scroll of fog {unknown}
Potions
 a - 2 potions of magic
 c - a potion of curing {@q1}
 i - a potion of brilliance
 n - 3 potions of might
 r - a potion of mutation {!q}
 t - 2 potions of enlightenment
 x - a potion of heal wounds {unknown}
 C - 3 potions of degeneration {!q@e2}
 F - a potion of lignification {unknown}
 H - a potion of invisibility {unknown}
 J - a potion of attraction {unknown}

Dungeon Overview and Level Annotations

Branches:
Dungeon (7/15) Zot: 26844  Temple (1/1) D:5 Zot: 5959  Bailey (1/1) Zot: 5867

Altars:
Ashenzari
Cheibriados
Dithmenos
Elyvilon
Fedhas
Gozag
Hepliaklqana
Kikubaaqudgha
Makhleb
Okawaru
Qazlal
Sif Muna
Uskayaw
Vehumet
Wu Jian
Xom
Yredelemnul
Zin
The Shining One

Shops:
D:2 (

Annotations:
Temple 2 transporters

###### ############
#.....## ##..)))...∩.##
.....######.....#).....#
o..##..#....#...o###.....#
...o8..'))))'...@.8.....∩#
...##..#....#....###.....#
.....######.....#......#
#.....## ##........∩.##
###### ############


You could see an orc warrior (drained).


Message History

a +0 halberd {polearm}; a +0 war axe {axe}
There is a broken door here.
The orc shouts!
The orc warrior hits you from afar with a +0 halberd. 😕 HP[-5]
You take 5 damage, and now have 63/68 hp.
There is a broken door here. 😕 HP[+1]
Things that are here:
a +0 halberd {polearm}; a +0 war axe {axe} The orc warrior attacks as it pursues you!
The orc warrior closely misses you.
You see here a +0 halberd {polearm}.
Things that are here:
a +0 trident {polearm}; a +0 scale mail; 😕 HP[+1]
The orc warrior attacks as it pursues you!
The orc warrior hits you but does no damage.
Things that are here:
a +0 halberd {polearm}; a +0 chain mail
There is an open door here.
Okay, then.
Things that are here:
a +0 halberd {polearm}; a +0 chain mail; 😕 HP[+1]
The orc warrior hits you with a +0 halberd!
Things that are here:
a +0 trident {polearm}; a +0 scale mail; 😕 HP[-8]
You take 8 damage, and now have 58/68 hp.
The orc warrior hits you with a +0 halberd!
Things that are here:
a +0 halberd {polearm}; a +0 chain mail; 😮 HP[-8]
You take 8 damage, and now have 50/68 hp.
The orc warrior closely misses you.
There is an open door here. 😮 HP[+1]
The orc warrior hits you from afar with a +0 halberd! 😮 HP[-7]
You take 7 damage, and now have 44/68 hp.
The orc warrior attacks as it pursues you!
The orc warrior hits you from afar with a +0 halberd!
* * * LOW HITPOINT WARNING * * *
😨 HP[-14]
You take 14 damage, and now have 30/68 hp.
MASSIVE DAMAGE!! (PAUSE)
The orc warrior attacks as it pursues you!
The orc warrior misses you. 😨 HP[+1]
You have got your breath back. 😨 HP[+1] 😨 HP[+1]
Items here: )) [[ ††. 😨 HP[+1]
Items here: )) [ †.
The orc warrior barely misses you. 😮 HP[+1]
The orc warrior attacks as it pursues you!
The orc warrior hits you from afar with a +0 halberd!
* * * LOW HITPOINT WARNING * * *
😨 HP[-9]
You take 9 damage, and now have 26/68 hp.
Aiming: Breathe Steam (1% risk of failure)
Press: ? - help, Shift-Dir - straight line, f - orc warrior
Aim: an orc warrior, wielding a +0 halberd and wearing a +0 chain mail (68% to hit)
You exhale a blast of scalding steam.
The ball of steam misses the orc warrior.
The orc warrior hits you from afar with a +0 halberd!
* * * LOW HITPOINT WARNING * * *
😱 HP[-15]
You take 15 damage, and now have 11/68 hp.
MASSIVE DAMAGE!! (PAUSE)
The orc warrior is engulfed in a cloud of scalding steam.
The orc warrior attacks as it pursues you!
The orc warrior hits you from afar with a +0 halberd.
* * * LOW HITPOINT WARNING * * *
😱 HP[-3]
You take 3 damage, and now have 8/68 hp.
You feel better.
The orc warrior hits you from afar with a +0 halberd!
* * * LOW HITPOINT WARNING * * *
😱 HP[-1]
You take 1 damage, and now have 7/68 hp.
You feel better.
The orc warrior hits you from afar with a +0 halberd.
* * * LOW HITPOINT WARNING * * *
😱 HP[+2]
You regained 2 hp, and now have 9/68 hp.
The orc warrior hits you with a +0 halberd.
* * * LOW HITPOINT WARNING * * *
😱 HP[-4]
You take 4 damage, and now have 5/68 hp.
You puncture the orc warrior! You drain the orc warrior.
The orc warrior hits you with a +0 halberd.
* * * LOW HITPOINT WARNING * * *
😱 HP[-3]
You take 3 damage, and now have 2/68 hp.
Aiming: Mindburst
Press: ? - help, Q - select action, (/) - cycle Shift-Dir - straight line, f/p - orc warrior
Aim: an orc warrior, wielding a +0 halberd and wearing a +0 chain mail (heavily wounded, lightly drained, chance to affect: 68%)
The orc warrior struggles to resist.
The orc warrior hits you with a +0 halberd!
You die...

Skill      XL: |  1  2  3  4  5  6  7  8 |
---------------+-------------------------+-----
Dodging        | 2 3 4 |  4.9
Fighting       | 1 2 3 4 5 |  5.3
Transmutations | 2 3 4 5 |  5.1
Spellcasting   | 3 4 5 |  5.0
Poison Magic   | 4 5 |  5.9
Stealth        | |  1.7

Action                     |  1- 3 |  4- 6 |  7- 9 || total
---------------------------+-------+-------+-------++-------
  Melee: Unarmed           |    14 |       |       ||    14
         Dagger            |   120 |   245 |   117 ||   482
         Club              |     9 |       |       ||     9
         Tailslap          |    11 |    26 |    12 ||    49
   Cast: Sting             |    22 |    54 |       ||    76
Ability: Breathe Steam     |       |       |    10 ||    10
  Evoke: Wand              |       |       |     1 ||     1
    Use: Scroll            |       |     5 |     5 ||    10
         Potion            |       |       |     2 ||     2
   Stab: Sleeping          |     4 |     2 |     4 ||    10
 Armour: Skin              |    67 |   113 |    96 ||   276
  Dodge: Dodged            |   102 |   122 |    84 ||   308

Levels and vault maps discovered:
D:1:      minmay_arrival_doors, layout_rooms, minmay_misc_feat_plants,
          supply_closet_lemuel, minmay_small_reverse_x
D:2:      layout_loops_ring, serial_shops, shop, basic_altar,
          basic_ecumenical_altar, nicolae_elevator_lobby_plus
D:3:      layout_rooms, nicolae_yredelemnul_corpse_copse
D:4:      layout_basic
D:5:      layout_rooms, temple_doors_e
D:6:      layout_basic
D:7:      layout_cave_pools, nicolae_overflow_crystal_walls,
          nemelex_dance_club_becter, enter_bailey_2
Temple:   hellmonk_temple_divided_pantheon
Bailey:   bailey_polearm_5, bailey

Notes
Turn   | Place    | Note
-------+----------+-------------------------------------------
     0 | D:1      | mcwallace the Draconian Venom Mage began the quest for the
                  | Orb.
     0 | D:1      | Reached XP level 1. HP: 14/14 MP: 3/3
     0 | D:1      | magus.rc [v1.9.6]
   121 | D:1      | You pick up a book of Weapons and begin reading...
   121 | D:1      | You add the spells Tukima's Dance, Dimensional Bullseye and
                  | Iskenderun's Mystic Blast to your library.
   145 | D:1      | Reached XP level 2. HP: 22/22 MP: 5/5
   146 | D:1      | Reached skill level 2 in Dodging
   533 | D:1      | Reached skill level 1 in Fighting
   602 | D:1      | Reached XP level 3. HP: 28/28 MP: 2/6
  1022 | D:2      | You pick up a book of Weapons and begin reading...
  1028 | D:2      | Learned a level 2 spell: Poisonous Vapours
  1039 | D:2      | Found Odwiroq's Weapon Boutique.
  1268 | D:2      | Found an ancient bone altar of Kikubaaqudgha.
  1351 | D:2      | Found a faded altar of an unknown god.
  1425 | D:2      | Reached XP level 4. HP: 35/35 MP: 7/7
  1654 | D:2      | Reached skill level 2 in Transmutations
  1924 | D:3      | Reached skill level 2 in Fighting
  2058 | D:3      | Reached XP level 5. HP: 37/41 MP: 5/9
  2440 | D:3      | Found a basalt altar of Yredelemnul.
  2440 | D:3      | You fall into a shaft and drop 2 floors!
  2440 | D:5      | Entered Level 5 of the Dungeon
  2531 | D:3      | You pick up a book of Geomancy and begin reading...
  2531 | D:3      | You add the spells Sandblast, Passwall, Stone Arrow and
                  | Brom's Barrelling Boulder to your library.
  2917 | D:4      | You pick up a book of Scorching and begin reading...
  2917 | D:4      | You add the spells Scorch, Flame Wave and Summon Cactus
                  | Giant to your library.
  3139 | D:4      | Reached skill level 3 in Spellcasting
  3586 | D:5      | Noticed a phantom
  3588 | D:5      | Noticed a black bear
  3609 | D:5      | Noticed a sky beast
  3618 | D:5      | Killed a phantom
  3619 | D:5      | Reached skill level 3 in Dodging
  3619 | D:5      | Reached skill level 4 in Poison Magic
  3619 | D:5      | Reached XP level 6. HP: 47/50 MP: 10/10
  3651 | D:6      | Killed a sky beast
  3651 | D:6      | Noticed a sky beast
  3652 | D:6      | Reached skill level 3 in Fighting
  3652 | D:6      | Reached skill level 3 in Transmutations
  3853 | D:6      | Killed a sky beast
  3885 | D:5      | Your scales start taking on a pale cyan-grey colour.
  3885 | D:5      | Reached XP level 7. HP: 56/57 MP: 7/12
  3885 | D:5      | Gained mutation: You are immune to the effects of steam.
                  | [Pale Draconian growth]
  3976 | D:5      | Identified the +7 dagger "Huqitezide" {drain, rN+}
  4010 | D:5      | Found a staircase to the Ecumenical Temple.
  4080 | Temple   | Found a transporter.
  4080 | Temple   | Found a transporter.
  4080 | Temple   | Found a transporter.
  4080 | Temple   | Found a transporter.
  4080 | Temple   | Entered the Ecumenical Temple
  4099 | Temple   | Became a worshipper of Vehumet
  4448 | D:6      | Reached skill level 4 in Fighting
  4448 | D:6      | Reached skill level 4 in Dodging
  4448 | D:6      | Reached skill level 4 in Spellcasting
  4490 | D:6      | Reached skill level 4 in Transmutations
  4490 | D:6      | Reached skill level 5 in Poison Magic
  4580 | D:6      | Noticed a steam dragon
  4586 | D:6      | Reached XP level 8. HP: 63/66 MP: 14/14
  4954 | D:6      | Reached skill level 5 in Fighting
  4959 | D:6      | Reached * piety under Vehumet
  4959 | D:6      | Offered knowledge of Kiss of Death by Vehumet.
  5268 | D:7      | Reached skill level 5 in Transmutations
  5272 | D:7      | You add the spells Foxfire, Shock and Necrotise to your
                  | library.
  5272 | D:7      | Got a grimy book
  5306 | D:7      | Found an ancient bone altar of Kikubaaqudgha.
  5339 | D:7      | Reached skill level 5 in Spellcasting
  5402 | D:7      | Found a flagged portal.
  5411 | Bailey   | Entered a bailey
  5537 | Bailey   | HP: 11/68 [orc warrior/+0 halberd (15)]
  5541 | Bailey   | HP: 5/68 [orc warrior/+0 halberd (4)]
  5542 | Bailey   | HP: 2/68 [orc warrior/+0 halberd (4)]
  5543 | Bailey   | Mangled by an orc warrior

Vanquished Creatures
  A steam dragon (D:6)
  An orc warrior (D:6)
  2 sky beasts (D:6)
  3 black bears
  An ice beast (D:7)
  A phantom (D:5)
  3 bullfrogs (D:6)
  4 scorpions
  An orc priest (D:6)
  A jelly (D:5)
  3 iguanas
  A sleepcap (D:6)
  4 orc wizards
  10 adders
  A shadow imp (D:5)
  An ufetubus (D:5)
  2 adder zombies (D:3)
  2 worms
  6 dart slugs
  32 orcs
  10 endoplasms
  9 giant cockroaches
  9 hobgoblins
  12 kobolds
  3 quokkas
  6 ball pythons
  A ball python zombie (D:3)
  6 bats
  3 frilled lizards (D:2)
  2 goblins
  7 rats
148 creatures vanquished.

Table legend:
 A = Non-vault XP
 B = Vault XP
 C = Vault XP percentage of total XP
 D = Non-vault monster count
 E = Vault monster count
 F = Vault count percentage of total count
                 A         B        C        D         E       F
            +---------+---------+-------+---------+---------+-------
      Total |    2539 |      55 |   2.1 |     129 |      19 |  12.8
            +---------+---------+-------+---------+---------+-------
        D:1 |      46 |       6 |  11.5 |      28 |       4 |  12.5
        D:2 |      94 |       0 |   0.0 |      25 |       0 |   0.0
        D:3 |      94 |      13 |  12.1 |      16 |       3 |  15.8
        D:4 |      85 |       0 |   0.0 |      17 |       0 |   0.0
        D:5 |     499 |       0 |   0.0 |      14 |       0 |   0.0
        D:6 |    1507 |       0 |   0.0 |      21 |       0 |   0.0
        D:7 |     214 |       0 |   0.0 |       8 |       0 |   0.0
     Bailey |       0 |      36 | 100.0 |       0 |      12 | 100.0
            +---------+---------+-------+---------+---------+-------

Skill      XL: |  1  2  3  4  5  6  7  8 |
---------------+-------------------------+-----
Dodging        | 2 3 4 |  4.9
Fighting       | 1 2 3 4 5 |  5.3
Transmutations | 2 3 4 5 |  5.1
Spellcasting   | 3 4 5 |  5.0
Poison Magic   | 4 5 |  5.9
Stealth        | |  1.7

Action                     |  1- 3 |  4- 6 |  7- 9 || total
---------------------------+-------+-------+-------++-------
  Melee: Unarmed           |    14 |       |       ||    14
         Dagger            |   120 |   245 |   117 ||   482
         Club              |     9 |       |       ||     9
         Tailslap          |    11 |    26 |    12 ||    49
   Cast: Sting             |    22 |    54 |       ||    76
Ability: Breathe Steam     |       |       |    10 ||    10
  Evoke: Wand              |       |       |     1 ||     1
    Use: Scroll            |       |     5 |     5 ||    10
         Potion            |       |       |     2 ||     2
   Stab: Sleeping          |     4 |     2 |     4 ||    10
 Armour: Skin              |    67 |   113 |    96 ||   276
  Dodge: Dodged            |   102 |   122 |    84 ||   308

Illustrated notes

Table legend:
 A = Kills in this place as a percentage of kills in the entire game.
 B = Kills by you in this place as a percentage of kills by you in the entire game.
 C = Kills by friends in this place as a percentage of kills by friends in the entire game.
 D = Other kills in this place as a percentage of other kills in the entire game.
 E = Experience gained in this place as a percentage of experience gained in the entire game.
 F = Experience gained in this place divided by the number of levels of this place that you have seen.
                   A       B       C       D       E      F
               +-------+-------+-------+-------+-------+----------------------
         Total | 100.0 | 100.0 |   N/A |   N/A | 100.0 | 288.2
       Dungeon |  91.9 |  91.9 |   N/A |   N/A |  98.6 | 365.4
        Bailey |   8.1 |   8.1 |   N/A |   N/A |   1.4 |  36.0
               +-------+-------+-------+-------+-------+----------------------

Table legend: (Time is in decaauts)
 A = Elapsed time spent in this place.
 B = Non-inter-level travel time spent in this place.
 C = Inter-level travel time spent in this place.
 D = Time resting spent in this place.
 E = Time spent auto-exploring this place.
 F = Levels seen in this place.
 G = Mean time per level.
                   A        B        C        D        E       F      G
               +--------+--------+--------+--------+--------+-----+--------+
         Total |   5429 |   5209 |    220 |    251 |   3516 |   9 |  603.2 |
       Dungeon |   5256 |   5036 |    220 |    251 |   3483 |   7 |  750.9 |
        Temple |     40 |     40 |      0 |      0 |      0 |   1 |   40.0 |
        Bailey |    131 |    131 |      0 |      0 |     33 |   1 |  131.0 |
               +--------+--------+--------+--------+--------+-----+--------+

Top non-repeatable levels by time:
     D:6: 1109 daAuts
     D:2: 1018 daAuts
     D:1: 898 daAuts
     D:4: 769 daAuts
     D:3: 763 daAuts
     D:5: 541 daAuts
     D:7: 155 daAuts
  Bailey: 131 daAuts
  Temple: 40 daAuts
